Map: Cyber Forest LE

Players

lIlIlIlIl - Winner!

  • Race: Protoss Protoss
  • League: Master
  • Spawn Location: 5:00

Alex

  • Race: Zerg Zerg
  • League: Master
  • Spawn Location: 11:00

VOD

Have the link to the VOD?

Description

Highdra aka DarkTesplar aka PeaceKeeper 5.5k Protoss vs Z Macro build

Time

  • Played on: March 31, 2019, 12:13 p.m.
  • Length: 16:46
Show
View Real Time Build Order
Export as new Build Order

lIlIlIlIl Protoss - Winner!

Build Orders: 1 Gate Expand, Oracle Opening, Phoenix Opening, Archon Immortal 

Get SALT Encoding   

  12  0:00  Probe  
  13  0:12  Probe  
  14  0:19  Pylon  
  14  0:24  Probe  
  15  0:33  Probe  
  15  0:39  Gateway  
  15  0:41  Probe  
  16  0:48  Assimilator  
  17  0:51  Probe  
  18  1:03  Probe  
  19  1:16  Probe  
  20  1:28  Probe  
  21  1:34  Nexus  
  21  1:43  Cybernetics Core  
  21  1:47  Probe, Assimilator  
  22  1:57  Pylon  
  22  1:59  Probe  
  23  2:09  Adept  
  23  2:15  Probe  
  23  2:19  Warp Gate  
  26  2:27  Probe  
  26  2:29  Stargate  
  27  2:39  Adept  
  27  2:40  Probe  
  27  2:43  Probe  
  30  2:51  Probe  
  31  2:52  Probe  
  31  2:53  Gateway  
  33  3:00  Probe  
  33  3:04  Probe  
  35  3:06  Phoenix  
  35  3:12  Probe  
  36  3:16  Probe  
  36  3:17  Pylon  
  39  3:24  Probe  
  40  3:28  Probe  
  40  3:29  Oracle  
  44  3:36  Probe  
  44  3:40  Probe  
  46  3:41  Twilight Council  
  46  3:44  Assimilator  
  46  3:49  Probe  
  46  3:52  Probe  
  48  4:01  Probe  
  49  4:03  Nexus  
  49  4:04  Probe  
  49  4:08  Adept  
  52  4:20  Probe x2  
  52  4:22  Pylon  
  54  4:34  Charge  
  54  4:40  Pylon  
  54  4:42  Pylon x2  
  54  4:44  Pylon  
  54  4:47  Robotics Facility  
  54  4:49  Robotics Facility  
  54  4:57  Pylon  
  54  4:58  Probe x2  
  56  5:01  Assimilator  
  56  5:03  Forge  
  56  5:04  Pylon  
  56  5:10  Probe x2  
  58  5:22  Probe x2  
  58  5:23  Probe  
  58  5:26  Immortal  
  58  5:28  Immortal  
  61  5:31  Gateway, Templar Archives  
  61  5:32  Gateway  
  61  5:33  Protoss Ground Weapons Level 1  
  61  5:34  Probe x2  
  61  5:35  Probe  
  72  5:47  Probe  
  72  5:48  Probe x2  
  75  5:59  Gateway  
  75  6:00  Probe x3, Gateway  
  78  6:05  Observer  
  78  6:07  Warp Prism  
  79  6:24  Sentry x2  
  84  6:25  Probe x2  
  84  6:26  Probe  
  84  6:28  Assimilator  
  84  6:31  Assimilator  
  86  6:33  Gateway  
  86  6:34  Gateway  
  86  6:35  Gateway  
  86  6:37  Pylon  
  86  6:44  Immortal x2  
  94  6:50  Probe  
  94  6:51  Probe x2  
  97  7:01  Shield Battery  
  97  7:02  Shield Battery  
  97  7:09  Zealot x2, Adept x2  
  97  7:10  Zealot x2  
  109  7:20  Probe x2  
  109  7:21  Probe  
  112  7:26  Psionic Storm  
  112  7:35  Immortal x2, Protoss Ground Weapons Level 2  
  114  7:42  Gateway  
  108  7:45  Gateway x2  
  108  7:47  Pylon  
  108  7:56  Adept x2  
  108  7:57  Zealot x4  
  120  7:58  Pylon  
  118  8:19  Probe x2  
  118  8:20  Nexus  
  118  8:22  Pylon  
  118  8:27  High Templar  
  118  8:28  High Templar x2  
  118  8:29  High Templar  
  118  8:32  Immortal x2  
  134  8:34  Pylon  
  134  8:39  Pylon  
  134  8:41  High Templar x2  
  138  8:47  Archon  
  138  8:58  Pylon  
  138  9:07  Pylon  
  138  9:13  High Templar x2  
  138  9:14  High Templar x2  
  146  9:18  Archon, Pylon  
  146  9:19  Archon  
  137  9:38  Photon Cannon  
  137  9:39  Photon Cannon  
  137  9:41  Photon Cannon  
  137  9:43  Photon Cannon  
  137  9:44  Photon Cannon  
  137  9:45  Shield Battery  
  137  9:46  Zealot x6, Shield Battery  
  137  9:47  Zealot x3, Pylon  
  137  9:48  Zealot x3  
  149  10:03  Protoss Ground Weapons Level 3  
  149  10:05  Probe x4  
  139  10:09  Warp Prism  
  139  10:11  Observer  
  139  10:13  Stargate  
  142  10:14  Fleet Beacon  
  142  10:15  Stargate  
  142  10:19  Stargate  
  142  10:26  Photon Cannon  
  142  10:27  Photon Cannon, Pylon  
  142  10:29  Photon Cannon  
  142  10:31  Photon Cannon  
  142  10:32  Observer, Shield Battery  
  142  10:33  Assimilator  
  143  10:36  Assimilator  
  143  10:43  Adept  
  143  10:46  Observer  
  146  10:56  Pylon x2  
  146  11:01  Tempest x3  
  146  11:03  Protoss Air Weapons Level 1  
  161  11:10  Tempest  
  166  11:14  Warp Prism  
  166  11:16  Zealot x5  
  178  11:19  Mothership  
  178  11:23  Pylon  
  178  11:34  Nexus  
  178  11:36  Pylon  
  176  11:44  Photon Cannon  
  176  11:45  Photon Cannon  
  176  11:54  Dark Shrine  
  174  12:12  Photon Cannon  
  173  12:25  Zealot x8  
  173  12:26  Zealot  
  173  12:27  Photon Cannon  
  173  12:29  Photon Cannon  
  189  12:31  Tempest x2, Photon Cannon  
  181  12:47  Photon Cannon  
  181  12:48  Photon Cannon  
  181  12:50  Shield Battery  
  181  12:59  High Templar x2  
  181  13:00  High Templar x4  
  181  13:01  High Templar x2, Shadow Stride  
  181  13:03  Archon  
  181  13:04  Archon x2  
  181  13:05  Archon  
  197  13:09  Assimilator  
  197  13:11  Assimilator  
  195  13:39  Dark Templar x2  
  199  14:04  Protoss Ground Armor Level 1  
  199  14:10  Forge  
  199  14:11  Cybernetics Core  
  199  14:13  Pylon x2  
  199  14:15  Protoss Air Weapons Level 2  
  199  14:16  Pylon  
  199  14:17  Pylon  
  199  14:20  Pylon  
  189  15:00  Dark Templar x5  
  199  15:10  Photon Cannon  
  199  15:13  Photon Cannon  
  197  15:15  Pylon  
  197  15:17  Pylon  
  191  15:34  High Templar x2  
  192  16:16  Dark Templar x4  
Show
View Real Time Build Order
Export as new Build Order

Alex Zerg 

Build Orders: Hatch First, Brood Lord Corruptor 

Get SALT Encoding   

  12  0:00  Drone  
  13  0:12  Overlord  
  13  0:17  Drone  
  14  0:30  Drone  
  14  0:31  Drone  
  16  0:49  Hatchery  
  15  0:52  Drone  
  15  0:55  Drone  
  17  1:00  Drone  
  18  1:09  Extractor  
  17  1:15  Spawning Pool  
  17  1:18  Drone  
  17  1:21  Drone  
  18  1:28  Drone  
  19  1:43  Overlord  
  19  1:52  Drone  
  20  2:02  Queen, Zergling x2  
  20  2:03  Queen  
  20  2:04  Drone  
  26  2:11  Metabolic Boost  
  26  2:16  Drone x2  
  28  2:27  Drone  
  29  2:39  Hatchery  
  29  2:42  Queen  
  30  2:47  Zergling x4  
  30  2:49  Drone  
  33  2:56  Drone x3  
  36  3:06  Overlord  
  36  3:17  Overlord  
  36  3:24  Drone x6  
  36  3:25  Drone  
  43  3:35  Queen  
  43  3:37  Zergling x4  
  47  3:42  Spore Crawler  
  47  3:44  Spore Crawler  
  45  3:52  Overlord x2  
  45  3:53  Queen  
  47  3:56  Zergling x6  
  50  4:05  Lair  
  50  4:12  Drone  
  50  4:13  Drone  
  50  4:15  Drone x5  
  56  4:33  Extractor, Drone x5  
  56  4:34  Overlord, Extractor, Drone  
  56  4:38  Zergling x2  
  56  4:39  Zergling x4  
  58  4:56  Drone x8  
  58  4:59  Spore Crawler  
  65  5:07  Hydralisk Den  
  65  5:08  Overlord  
  65  5:09  Overlord  
  65  5:10  Drone  
  65  5:11  Drone x5  
  70  5:24  Overseer  
  70  5:30  Evolution Chamber  
  70  5:31  Evolution Chamber  
  70  5:32  Extractor  
  70  5:34  Extractor  
  66  5:38  Baneling Nest  
  66  5:41  Zergling x12  
  71  5:42  Hatchery  
  71  5:45  Grooved Spines  
  71  5:46  Drone x3  
  71  5:47  Drone  
  69  6:20  Drone x5  
  69  6:21  Drone x2  
  69  6:24  Drone  
  69  6:25  Extractor, Drone x2  
  78  6:29  Zerg Missile Weapons Level 1, Zerg Melee Weapons Level 1  
  78  6:30  Spire  
  77  6:33  Overlord x2  
  77  6:34  Overlord  
  77  6:48  Overlord x2  
  77  6:49  Drone x2  
  79  6:54  Drone x2  
  79  6:56  Hatchery  
  79  6:57  Muscular Augments  
  79  6:59  Hydralisk x4  
  79  7:00  Hydralisk  
  90  7:08  Hydralisk x3  
  90  7:14  Zergling x8  
  99  7:29  Hydralisk x5  
  100  7:30  Hydralisk x2  
  108  7:41  Hydralisk x4  
  115  7:55  Overlord x3  
  115  7:56  Drone x5  
  120  8:25  Hydralisk x2  
  120  8:26  Hydralisk x5  
  134  8:28  Zergling x2  
  134  8:29  Zergling x18  
  134  8:32  Zerg Melee Weapons Level 2  
  144  8:35  Zerg Ground Armor Level 1  
  144  8:54  Drone x7  
  144  8:55  Drone  
  152  9:01  Infestation Pit  
  152  9:02  Baneling x7  
  151  9:03  Baneling x12  
  146  9:31  Centrifical Hooks  
  146  9:35  Extractor x2  
  146  9:37  Hive  
  146  9:38  Queen  
  146  9:52  Hatchery  
  134  10:08  Drone x7  
  134  10:12  Overlord x4  
  134  10:13  Overlord  
  134  10:14  Zergling x18  
  139  10:15  Zergling x22  
  158  10:23  Baneling  
  158  10:24  Baneling x12  
  158  10:48  Drone x4  
  158  10:49  Drone x7  
  169  10:57  Overlord x4, Spine Crawler x2  
  169  10:59  Overseer x4  
  167  11:06  Zergling x2  
  167  11:07  Zergling x16  
  167  11:08  Zergling x4  
  167  11:09  Baneling x2  
  167  11:10  Baneling x8  
  167  11:11  Baneling x2  
  178  11:13  Greater Spire  
  178  11:14  Zerg Melee Weapons Level 3, Zerg Ground Armor Level 2  
  178  11:18  Adrenal Glands  
  175  11:42  Corruptor  
  175  11:43  Corruptor x7  
  190  11:51  Drone x3  
  182  13:07  Brood Lord x4  
  182  13:08  Brood Lord x4  
  197  13:25  Ultralisk Cavern  
  196  13:34  Hydralisk x6  
  190  13:37  Extractor  
  190  13:39  Extractor  
  198  13:42  Overseer x3  
  198  13:48  Overseer  
  194  13:55  Spore Crawler x2  
  194  13:56  Spore Crawler  
  190  14:14  Pneumatized Carapace, Anabolic Synthesis  
  190  14:19  Spine Crawler, Zerg Missile Weapons Level 2  
  183  14:28  Corruptor x8  
  181  14:38  Corruptor x3  
  181  14:39  Corruptor x3  
  189  14:56  Hatchery  
  189  14:57  Chitinous Plating  
  184  15:04  Corruptor x4  
  192  15:07  Brood Lord x3  
  192  15:11  Overseer  
  192  15:12  Overseer x2  
  186  15:57  Viper x3  
  189  16:11  Corruptor x5  
  185  16:15  Corruptor, Brood Lord  
Tags
 
Add a new tag
Caveats
  • Supply blocks, unpowered buildings, or Contaminate may cause inaccurate times.
  • Supply counts are checked every 10 seconds.